 Dungeon Crawl Stone Soup version 0.29.1-1-gd02db6906a (webtiles) character file.

Game seed: 4053341292054411557

56886 Icepheonix32 the Impregnable (level 14, -6/113 HPs)
             Began as a Minotaur Fighter on Sept 22, 2022.
             Was a High Priest of Hepliaklqana.
             Killed from afar by a tengu conjurer (7 damage)
             ... with a bolt of lightning
             ... on level 14 of the Dungeon.
             The game lasted 00:38:36 (17402 turns).

Icepheonix32 the Impregnable (Minotaur Fighter)    Turns: 17402, Time: 00:38:37

Health: -6/113     AC: 37    Str: 26    XL:     14   Next: 43%
Magic:  16/16      EV: 14    Int:  9    God:    Hepliaklqana [*****.]
Gold:   1371       SH:  8    Dex: 21    Spells: 13/13 levels left

rFire   . . .      SeeInvis +   w - +5 spear of Quick Tortfeasance {vorpal, +Blink Dex+2 Stlth+}
rCold   . . .      Faith    .   Y - +1 buckler {rPois}
rNeg    . . .      Spirit   .   r - +9 plate armour of Plog {Int+4 Slay+2 SInv}
rPois   +          Reflect  .   (helmet restricted)
rElec   .          Harm     .   s - +2 cloak
rCorr   .          Rampage  .   l - +0 pair of gloves "Ynwic" {Dex+9}
Will    +....                   W - +0 pair of boots
Stlth   ..........              (no amulet)
HPRegen 0.28/turn               h - +4 ring of slaying
MPRegen 0.15/turn               I - +4 ring of evasion

@: studying Transmutations
A: reduced essence, horns 2, retaliatory headbutt
a: Renounce Religion, Evoke Blink, Recall Ancestor, Ancestor Identity,
Transference, Idealise


You were on level 14 of the Dungeon.
You worshipped Hepliaklqana.
Hepliaklqana was extremely pleased with you.
You visited 3 branches of the dungeon, and saw 17 of its levels.
You also visited: Ossuary and Bailey.

You collected 1986 gold pieces.
You spent 615 gold pieces at shops.

Inventory:

Hand Weapons
 q - a +2 whip of electrocution
 w - the +5 spear of Quick Tortfeasance (weapon) {vorpal, +Blink Dex+2 Stlth+}
   (You found it on level 5 of the Dungeon)

   It inflicts extra damage upon your enemies.
   Dex:       It affects your dexterity (+2).
   +Blink:    It lets you blink.
   Stlth:     It makes you more stealthy.
 N - a +4 halberd
 U - a +0 trident of protection
Missiles
 a - 28 javelins
 E - a curare-tipped dart
 H - 8 boomerangs (quivered)
 M - 3 throwing nets
Armour
 l - the +0 pair of gloves "Ynwic" (worn) {Dex+9}
   (You acquired it in a bailey)

   Dex:       It affects your dexterity (+9).
 r - the +9 plate armour of Plog (worn) {Int+4 Slay+2 SInv}
   (You found it on level 4 of the Dungeon)

   Int:       It affects your intelligence (+4).
   Slay:      It affects your accuracy & damage with ranged weapons and melee
   (+2).
   SInv:      It lets you see invisible.
 s - a +2 cloak (worn)
 t - +0 acid dragon scales
 W - a +0 pair of boots (worn)
 X - a +2 tower shield
 Y - a +1 buckler of poison resistance (worn)
Jewellery
 g - an amulet of faith
 h - a +4 ring of slaying (left hand)
 k - a ring of fire
 I - a +4 ring of evasion (right hand)
 V - an amulet of magic regeneration
Wands
 u - a wand of polymorph (22)
 F - a wand of digging (7)
Scrolls
 i - 4 scrolls of enchant weapon
 p - 6 scrolls of teleportation
 y - 5 scrolls of immolation
 z - 2 scrolls of fear
 C - 2 scrolls of vulnerability
 G - 2 scrolls of amnesia
 K - 4 scrolls of magic mapping
 L - a scroll of poison
 O - a scroll of blinking
 Q - 3 scrolls of identify
 T - a scroll of butterflies {unknown}
Potions
 d - 2 potions of might
 e - 5 potions of haste
 f - 3 potions of magic
 j - a potion of heal wounds
 m - 6 potions of curing
 n - 3 potions of flight
 o - 2 potions of cancellation
 v - 3 potions of attraction
 x - 11 potions of ambrosia
 A - a potion of brilliance
 B - 3 potions of invisibility
 D - 2 potions of resistance
 J - 6 potions of lignification
 R - a potion of berserk rage
Miscellaneous
 b - a phial of floods
 P - a condenser vane (inert)


   Skills:
 + Level 12.1 Fighting
 - Level 3.4(10.1) Axes
 - Level 1.9(2.9) Maces & Flails
 + Level 14.4(14.5) Polearms
 + Level 1.9 Throwing
 * Level 22.1 Armour
 + Level 3.5 Dodging
 + Level 3.9 Stealth
 + Level 10.1 Shields
 * Level 4.3 Invocations
 * Level 4.2 Evocations


You had 13 spell levels left.
You didn't know any spells.
Your spell library contained the following spells:

 Spells                   Type           Power      Damage    Failure   Level
 Magic Dart               Conj           0%         1d3       91%         1
 Sandblast                Erth           0%         2d4       91%         1
 Summon Small Mammal      Summ           0%         N/A       91%         1
 Passwall                 Tmut/Erth      0%         N/A       97%         2
 Searing Ray              Conj           0%         2d4       97%         2
 Call Canine Familiar     Summ           0%         N/A       100%        3
 Confusing Touch          Hex            0%         N/A       100%        3
 Dazzling Flash           Conj/Hex       0%         N/A       100%        3
 Frozen Ramparts          Ice            0%         1d1       100%        3
 Ignite Poison            Fire/Tmut/Pois 0%         N/A       100%        3
 Mephitic Cloud           Conj/Pois/Air  0%         N/A       100%        3
 Stone Arrow              Conj/Erth      0%         3d7       100%        3
 Summon Guardian Golem    Hex/Summ       0%         N/A       100%        3
 Fulminant Prism          Conj/Hex       0%         3d6       100%        4
 Ice Form                 Ice/Tmut       0%         N/A       100%        4
 Iskenderun's Mystic Bla  Conj/Tloc      0%         2d3       100%        4
 Olgreb's Toxic Radiance  Pois           0%         N/A       100%        4
 Summon Ice Beast         Ice/Summ       0%         N/A       100%        4
 Freezing Cloud           Conj/Ice/Air   0%         6-21      100%        5
 Summon Forest            Summ/Tloc      0%         N/A       100%        5
 Yara's Violent Unravell  Hex/Tmut       0%         3d3       100%        5
 Eringya's Noxious Bog    Tmut/Pois      0%         N/A       100%        6
 Starburst                Conj/Fire      0%         6d3       100%        6
 Enfeeble                 Hex            0%         N/A       100%        7
 Ozocubu's Refrigeration  Ice            0%         4d7       100%        7
 Summon Hydra             Summ           0%         N/A       100%        7
 Ignition                 Fire           0%         3d3       100%        8


Dungeon Overview and Level Annotations

Branches:
Dungeon (14/15)            Temple (1/1) D:6            Lair (0/5) D:11
    Orc (2/2) D:10            Elf (0/3) Orc:2        Vaults (0/5) D:13
Ossuary (visited)          Bailey (visited)

Altars:
Ashenzari
Cheibriados
Dithmenos
Elyvilon
Fedhas
Gozag
Hepliaklqana
Kikubaaqudgha
Makhleb
Nemelex Xobeh
Okawaru
Qazlal
Ru
Sif Muna
Trog
Uskayaw
Vehumet
Wu Jian
Xom
Yredelemnul
Zin
The Shining One

Shops:
D:13 (   Orc:1 *   Orc:2 *=(*

Annotations:
D:4 1 runed translucent door, PorkyPig's ghost, amateur HOMo
D:11 exclusion: oklob plant
D:13 1 runed translucent door
D:14 2 transporters
Temple 2 transporters


Innate Abilities, Weirdness & Mutations

Your life essence is reduced to manifest your ancestor. (-10% HP)
You have a pair of horns on your head.
You reflexively headbutt those who attack you in melee.


Message History

Unknown command.
Reach: w) +5 spear of Quick Tortfeasance {vorpal, +Blink Dex+2 Stlth+}
Press: ? - help, Dir - move target, f/p - ogre mage
Aim: an ogre mage, wielding a +0 whip and wearing a +0 robe (severely wounded, ally target, about 16% to evade the +5 spear of Quick Tortfeasance)
You reach to attack!
You puncture the ogre mage!
You kill the ogre mage!
Unknown command.
A tengu conjurer is nearby!
You are too injured to fight recklessly!
Throw: 8 boomerangs
Press: ? - help, Q - select action, (/) - cycle Shift-Dir - straight line, f - tengu conjurer
Aim: a tengu conjurer (wandering, hasn't noticed you, 56% to hit)
You throw a boomerang. The tengu conjurer shouts!
The boomerang hits the tengu conjurer.
The tengu conjurer is lightly wounded.
You hear a shout!
Throw: 8 boomerangs
Press: ? - help, Q - select action, (/) - cycle Shift-Dir - straight line, f/p - tengu conjurer
Aim: a tengu conjurer (lightly wounded, ally target, 56% to hit)
You throw a boomerang. Henutmehyt avoids your attack.
The boomerang misses the tengu conjurer.
The boomerang misses the tengu conjurer.
You hear a shout!
Henutmehyt points at the tengu conjurer and mumbles some strange words.
The puff of frost hits the tengu conjurer!
The tengu conjurer hits Henutmehyt.
The tengu conjurer pecks Henutmehyt.
The tengu conjurer claws Henutmehyt but does no damage.
You hear a shout! x2
Throw: 8 boomerangs
Press: ? - help, Q - select action, (/) - cycle Shift-Dir - straight line, f/p - tengu conjurer
Aim: a tengu conjurer (heavily wounded, not watching you, ally target, 56% to hit)
You throw a boomerang. Henutmehyt avoids your attack.
The boomerang barely misses the tengu conjurer.
Henutmehyt misses the tengu conjurer.
The tengu conjurer points at Henutmehyt and mumbles some strange words.
The bolt of lightning hits Henutmehyt!
The bolt of lightning hits you!
* * * LOW HITPOINT WARNING * * *
The bolt of lightning hits you!
You die...

#..#©).8..♣⌠♣..8.. #..
#..#.[.....)(......#..
#..#.[#.##...##.#..#..
#..#)##..#8.8#..##.#..
#..#.....#...#... .#..
#####..##....#8.8#.... #..
..##..#...#.#...# #. #..
#.##..##..#...... #..##..
##.##.H#.@.##.....##...#..
#....[u##.R.# .. #...##..
#......#.)#Q# . #.#.o#..
.#####......##.#Q#
#.#.##..
.......u....#....O
....Q#..
...>........##.#..'
..#.##.. ............#..#
.#8 . # #..
..........).##.. ## #..
............# #8. #..


You could see the friendly Henutmehyt the battlemage, a cyan ugly thing, an ogre
mage, a manticore and 2 tengu conjurers.

Vanquished Creatures
  A very ugly thing (D:10)
  Snorg (Orc:1)
  A boulder beetle (D:12)
  Harold (Orc:1)
  Erolcha (Orc:1)
  6 two-headed ogres
  2 vault guards (D:13)
  4 hydras
  A centaur warrior (D:11)
  An ogre mage (D:14)
  A tengu warrior (D:13)
  An orc high priest (Orc:2)
  A deep troll earth mage (D:14)
  A wizard (D:10)
  7 orc knights (Orc:2)
  2 deep elf pyromancers
  A deep elf zephyrmancer (D:14)
  2 manticores
  13 ugly things
  4 orc sorcerers
  3 cyclopes
  Joseph (D:7)
  2 gargoyles
  An unseen horror (D:10)
  A tengu conjurer (D:14)
  3 kobold demonologists
  A queen bee (D:12)
  2 meliai (D:12)
  8 saltlings (Orc:2)
  A wolf spider simulacrum (D:14)
  2 hornets
  7 trolls
  4 slime creatures (D:14)
  A centaur simulacrum (D:14)
  2 shadows
  3 wraiths
  4 yaks (D:11)
  A vampire (D:5)
  A wyvern (D:9)
  5 humans (D:13)
  A steam dragon (D:9)
  4 vampire mosquitoes (D:10)
  A basilisk (D:12)
  Edmund (D:6)
  5 wargs
  A water moccasin (D:6)
  A floating eye (D:14)
  2 ice beasts
  A black bear (D:7)
  22 orc warriors
  A sky beast (D:8)
  8 ogres
  A boggart (D:14)
  14 centaurs
  3 kobold brigands
  A phantom (D:7)
  2 necrophages
  2 gnoll sergeants
  2 scorpions
  3 bullfrogs
  3 wights (D:10)
  14 killer bees (D:12)
  A lava snake (D:9)
  4 crimson imps
  A centaur zombie (Ossuary)
  3 howler monkeys (D:11)
  A human zombie (Ossuary)
  10 orc priests
  8 hounds
  6 jellies
  4 gnoll boudas
  19 orc wizards
  3 iguanas
  Terence (D:3)
  5 mummies (Ossuary)
  21 gnolls
  5 adders
  A shadow imp (D:6)
  A white imp (D:5)
  An ufetubus (D:5)
  A worm (D:5)
  2 dart slugs (D:1)
  74 orcs
  7 endoplasms
  2 giant cockroaches (D:1)
  12 goblins
  2 hobgoblins (D:4)
  2 ball pythons
  5 bats
  3 frilled lizards
  2 goblin zombies (Ossuary)
  2 hobgoblin zombies (Ossuary)
  12 kobolds
  2 orc zombies (Ossuary)
  3 rats
  A pillar of salt (Orc:2)
425 creatures vanquished.

Vanquished Creatures (collateral kills)
  2 vault guards (D:13)
  A centaur warrior (D:14)
  2 slime creatures
  Urug (D:13)
  An orc knight (D:13)
  A wizard (D:10)
  An ugly thing (D:14)
  An orc sorcerer (Orc:2)
  A manticore (D:14)
  2 kobold demonologists
  A tengu conjurer (D:14)
  A meliai (D:12)
  A jumping spider (shapeshifter) (D:13)
  A shadow (D:10)
  2 yaks (D:11)
  A basilisk (shapeshifter) (D:12)
  A wyvern (D:9)
  3 humans (D:13)
  2 vampire mosquitoes (D:10)
  A steam dragon (D:9)
  An acid dragon (D:9)
  3 orc warriors (Orc:1)
  4 ogres
  A centaur (D:11)
  2 kobold brigands (D:11)
  2 killer bees (D:12)
  A crimson imp (D:10)
  2 orc priests
  3 orc wizards
  5 gnolls
  17 orcs
  A goblin (D:11)
  5 kobolds
74 creatures vanquished.

Vanquished Creatures (others)
  10 battlemagi
  An orc (Orc:2)
  11 fungi
  4 pillars of salt (Orc:2)
  9 plants (D:11)
  3 toadstools (D:1)
38 creatures vanquished.

Grand Total: 537 creatures vanquished

Notes
Turn   | Place    | Note
-------+----------+-------------------------------------------
     0 | D:1      | Icepheonix32 the Minotaur Fighter began the quest for the
                  | Orb.
     0 | D:1      | Reached XP level 1. HP: 19/19 MP: 0/0
   199 | D:1      | Reached XP level 2. HP: 27/27 MP: 1/1
   332 | D:1      | Reached skill level 4 in Armour
   651 | D:1      | Found a faded altar of an unknown god.
  1445 | D:3      | Noticed Terence
  1539 | D:3      | Reached skill level 1 in Dodging
  1539 | D:3      | Reached XP level 3. HP: 33/34 MP: 2/2
  1553 | D:3      | Killed Terence
  1559 | D:3      | Reached XP level 4. HP: 39/41 MP: 3/3
  2157 | D:4      | Reached skill level 5 in Fighting
  2181 | D:4      | Identified the +9 plate armour of Plog {Int+4 Slay+2 SInv}
  2264 | D:4      | Reached XP level 5. HP: 30/48 MP: 4/4
  2390 | D:4      | Reached skill level 5 in Armour
  2420 | D:4      | Identified the +7 sling of the Lachrymose God {venom,
                  | Int+2}
  2511 | D:4      | Reached skill level 1 in Maces & Flails
  2927 | D:4      | Reached XP level 6. HP: 42/57 MP: 5/5
  3068 | D:4      | Found a runed translucent door.
  3076 | D:4      | Noticed PorkyPig's ghost (amateur HOMo)
  3222 | D:5      | Entered Level 5 of the Dungeon
  3300 | D:5      | Identified the +5 spear of Quick Tortfeasance {vorpal,
                  | +Blink Dex+2 Stlth+}
  3360 | D:5      | Found a sand-covered staircase.
  3378 | Ossuary  | Entered an ossuary
  3462 | Ossuary  | Reached skill level 6 in Armour
  3492 | Ossuary  | Reached skill level 1 in Polearms
  3730 | D:5      | Noticed an ice beast
  3735 | D:5      | Killed an ice beast
  3736 | D:5      | Reached XP level 7. HP: 63/63 MP: 6/6
  4004 | D:5      | Reached skill level 7 in Armour
  4031 | D:5      | Noticed a vampire
  4038 | D:5      | Killed a vampire
  4280 | D:5      | Reached skill level 8 in Armour
  4280 | D:5      | Reached XP level 8. HP: 71/71 MP: 7/7
  4390 | D:5      | Found a sacrificial altar of Ru.
  4829 | D:6      | Reached skill level 5 in Polearms
  4966 | D:6      | Reached skill level 9 in Armour
  5034 | D:6      | Found a staircase to the Ecumenical Temple.
  5086 | Temple   | Entered the Ecumenical Temple
  5086 | Temple   | Found a transporter.
  5086 | Temple   | Found a transporter.
  5088 | Temple   | Found a transporter.
  5088 | Temple   | Found a transporter.
  5125 | Temple   | Became a worshipper of Hepliaklqana the Forgotten
  5220 | D:6      | Noticed Edmund
  5228 | D:6      | Killed Edmund
  5352 | D:6      | Noticed a troll
  5360 | D:6      | Killed a troll
  5361 | D:6      | Reached XP level 9. HP: 56/79 MP: 8/8
  5592 | D:6      | Reached skill level 10 in Armour
  5747 | D:6      | Reached skill level 16 in Armour
  5747 | D:6      | Reached XP level 10. HP: 86/86 MP: 9/9
  5896 | D:7      | Found a flagged portal.
  5917 | Bailey   | Entered a bailey
  6242 | Bailey   | Reached skill level 1 in Throwing
  6673 | Bailey   | Acquired the +0 pair of gloves "Ynwic" {Dex+9}
  6738 | D:7      | Noticed Joseph
  6755 | D:7      | Killed Joseph
  6756 | D:7      | Reached skill level 5 in Shields
  7011 | D:7      | Reached * piety under Hepliaklqana
  7023 | D:7      | Found a shadowy altar of Dithmenos.
  7644 | D:8      | Noticed a manticore
  7652 | D:8      | Killed a manticore
  7699 | D:8      | Reached skill level 17 in Armour
  7841 | D:8      | Found a burning altar of Makhleb.
  8080 | D:8      | Found an ornate altar of the Wu Jian Council.
  8271 | D:8      | Reached XP level 11. HP: 84/84 MP: 10/10
  8507 | D:9      | Reached ** piety under Hepliaklqana
  8508 | D:9      | Remembered your ancestor Henutmehyt as a battlemage
  8735 | D:9      | You fall into a shaft and drop 2 floors!
  8906 | D:11     | Reached skill level 1 in Stealth
  8925 | D:11     | Noticed a centaur warrior
  8932 | D:11     | Reached skill level 18 in Armour
  8940 | D:11     | Killed a centaur warrior
  8941 | D:11     | Reached skill level 10 in Polearms
  8953 | D:11     | Noticed a six-headed hydra
  8954 | D:11     | Noticed a two-headed ogre
  8975 | D:11     | Killed a six-headed hydra
  8981 | D:11     | Killed a two-headed ogre
  9212 | D:11     | Found an iron altar of Okawaru.
  9272 | D:11     | Noticed an oklob plant
  9442 | D:11     | Found a staircase to the Lair.
  9662 | D:10     | Entered Level 10 of the Dungeon
  9664 | D:10     | Found a basalt altar of Yredelemnul.
  9754 | D:10     | Found a bloodstained altar of Trog.
  9971 | D:10     | Found a shimmering altar of Xom.
 10083 | D:10     | Reached *** piety under Hepliaklqana
 10226 | D:10     | Found a staircase to the Orcish Mines.
 10277 | D:10     | Noticed a green ugly thing
 10277 | D:10     | Noticed a cyan ugly thing
 10277 | D:10     | Noticed a green ugly thing
 10280 | D:10     | Noticed a white ugly thing
 10289 | D:10     | Killed a green ugly thing
 10290 | D:10     | Reached skill level 19 in Armour
 10293 | D:10     | Noticed a cyan ugly thing
 10295 | D:10     | Killed a white ugly thing
 10296 | D:10     | Reached XP level 12. HP: 60/93 MP: 11/11
 10350 | D:10     | Noticed a cyan very ugly thing
 10361 | D:10     | Killed a cyan very ugly thing
 11336 | Orc:1    | Entered Level 1 of the Orcish Mines
 11469 | Orc:2    | Entered Level 2 of the Orcish Mines
 11501 | Orc:1    | Reached skill level 20 in Armour
 11750 | Orc:2    | Found a staircase to the Elven Halls.
 11925 | Orc:2    | Noticed a two-headed ogre
 11939 | Orc:2    | Killed a two-headed ogre
 11943 | Orc:2    | Reached skill level 10 in Fighting
 12329 | Orc:2    | Paralysed by an orc sorcerer for 4 turns
 12446 | Orc:2    | Noticed an orc high priest
 12599 | Orc:2    | Killed an orc high priest
 12612 | Orc:2    | Reached XP level 13. HP: 83/102 MP: 12/12
 12696 | Orc:2    | Reached skill level 21 in Armour
 12784 | Orc:2    | Found Ilubb's Assorted Antiques.
 12799 | Orc:2    | Found Ymiwkeoc's Jewellery Shop.
 12804 | Orc:2    | Found Zusokk's Weapon Shop.
 13133 | Orc:2    | Bought a scroll labelled HOAGES XOAXUG for 30 gold pieces
 13188 | Orc:2    | Found Vameseem's General Store.
 13194 | Orc:2    | Bought a scroll of blinking for 105 gold pieces
 13346 | Orc:1    | Noticed Snorg
 13368 | Orc:1    | Killed Snorg
 13627 | Orc:1    | Noticed Erolcha
 13638 | Orc:1    | Killed Erolcha
 13908 | Orc:1    | Found Gyunoon's Gadget Gallery.
 13919 | Orc:1    | Noticed Harold
 13939 | Orc:1    | Killed Harold
 13940 | Orc:1    | Reached skill level 1 in Evocations
 14160 | Orc:1    | Bought a condenser vane for 480 gold pieces
 14303 | D:12     | Reached **** piety under Hepliaklqana
 14356 | D:12     | Reached skill level 1 in Invocations
 15403 | D:13     | Found a gate to the Vaults.
 15664 | D:13     | Reached XP level 14. HP: 112/112 MP: 15/15
 15820 | D:13     | Found Zepusil's Weapon Emporium.
 15873 | D:13     | Reached skill level 22 in Armour
 15988 | D:13     | Noticed Urug
 15998 | D:13     | Killed Urug
 16248 | D:13     | Found a runed translucent door.
 16251 | D:13     | Noticed a balrug
 16620 | D:14     | Found a transporter.
 16678 | D:14     | Reached ***** piety under Hepliaklqana
 17302 | D:14     | Reached skill level 10 in Shields
 17308 | D:14     | Found a transporter.
 17334 | D:14     | Paralysed by an orc sorcerer for 5 turns
 17402 | D:14     | HP: 1/113 [tengu conjurer/bolt of lightning (14)]
 17402 | D:14     | Killed from afar by a tengu conjurer

Illustrated notes

Levels and vault maps discovered:
D:1:      wheals_arrival_shading, layout_basic,
          ebering_ecumenical_altar_sacrificial, serial_bayou_lagoon_a,
          hex_intersection, minmay_gold_behind_fungi
D:2:      layout_basic
D:3:      layout_rooms, dk_noncrumbling_2, grunt_ministairs_13,
          nrook_mini_vaults, hangedman_abyss_or_decor_lesser_grid, uniq_terence
D:4:      minmay_spotlight, layout_rooms, ebering_ghost_sewer_d, chequers_jeans
D:5:      kennysheep_big_flooded_room, layout_basic,
          nicolae_overflow_hidden_temple, enter_ossuary_3,
          minmay_manual_monolith
D:6:      layout_gridville, minmay_temple_entry_proselytizer, uniq_edmund
D:7:      layout_basic, nicolae_dithmenos_shadow_blocks, enter_bailey_5,
          minmay_strange_pillars, uniq_joseph
D:8:      layout_basic, makhleb_grotto_becter, nzn_wu_jian_council_hall
D:9:      layout_rooms, minmay_misc_feat_cross, amcnicky_mini_corridor_feature,
          kennysheep_small_spiral, hex_large
D:10:     cheibrodos_breeding_chamber, layout_irregular_city,
          mainiacjoe_overflow_chevrons, led_xom_imps, amcnicky_altar_gilded,
          nicolae_titane
D:11:     layout_cave_pools, dpeg_oklobed_lair, okawaru_altar_gauntlet_db
D:12:     layout_loops_ring, special_room [special_room_bee], minmay_microvault
D:13:     dreamdust_dug_too_deep, layout_loops_corners,
          ximxim_vaults_locker_room, serial_shops, nicolae_shop_window_shopping,
          uniq_urug
D:14:     gammafunk_sealed_library, layout_rooms, serial_aquarium,
          aquarium_bridge_long_separate [aquarium_subvault_bridge,
          aquarium_subvault_bridge, aquarium_subvault_window,
          aquarium_subvault_window, aquarium_subvault_balcony,
          aquarium_subvault_bridge], aquarium_bridge_square
          [aquarium_subvault_bridge, aquarium_subvault_bridge,
          aquarium_subvault_balcony, aquarium_subvault_bridge],
          aquarium_window_corridor_1, aquarium_window_double,
          aquarium_window_fake, aquarium_view_2c, aquarium_view_2d,
          aquarium_pool_double
Temple:   hellmonk_temple_divided_pantheon
Orc:1:    layout_caves, nicolae_shop_gadgets, uniq_erolcha, uniq_snorg,
          uniq_harold
Orc:2:    hellmonk_orc_salted, layout_caves

Skill      XL: |  1  2  3  4  5  6  7  8  9 10 11 12 13 14 |
---------------+-------------------------------------------+-----
Fighting       | 4 5 6 7 8 9 10 11 12 | 12.1
Armour         | 4 5 6 8 9 16 17 19 20 21 22 | 22.1
Dodging        | 1 2 3 |  3.5
Axes           | 3 |  3.4
Maces & Flails | 1 |  1.9
Shields        | 4 5 6 8 9 10 | 10.1
Polearms       | 2 3 6 8 11 13 14 | 14.4
Throwing       | 1 |  1.9
Stealth        | 1 2 3 |  3.9
Evocations     | 3 4 |  4.2
Invocations    | 2 4 |  4.3

Action                   |  1- 3 |  4- 6 |  7- 9 | 10-12 | 13-15 || total
-------------------------+-------+-------+-------+-------+-------++-------
Melee: War axe           |    65 |    23 |       |       |       ||    88
       Headbutt          |    15 |    19 |    13 |    94 |    95 ||   236
       Whip              |       |    52 |       |       |       ||    52
       Spear             |       |    43 |   101 |   629 |   434 ||  1207
Throw: Boomerang         |       |       |     3 |    33 |     6 ||    42
Invok: Recall Ancestor   |       |       |       |     1 |     1 ||     2
       Ancestor Life: Ba |       |       |       |     1 |       ||     1
Evoke: Phial of floods   |       |       |       |     1 |       ||     1
       Condenser vane    |       |       |       |       |     1 ||     1
  Use: Scroll            |     3 |     6 |     7 |     8 |     3 ||    27
       Potion            |     1 |       |     2 |     2 |     4 ||     9
 Stab: Distracted        |       |       |       |     5 |     7 ||    12
Armor: Scale mail        |    34 |    36 |    30 |       |       ||   100
       Plate armour      |       |       |       |   161 |   113 ||   274
Dodge: Dodged            |    31 |    39 |    43 |   240 |   108 ||   461
Block: Buckler           |    16 |    16 |    21 |    99 |    76 ||   228
